 Dungeon Crawl Stone Soup version 0.29-a0-866-g0545e20025 (webtiles) character file.

Game seed: 4904125384892706329

105714 Malachi the Warrior (level 16, -6/126 HPs)
             Began as a Djinni Air Elementalist on July 17, 2022.
             Was the Champion of Ru.
             Blown up by an orb spider (48 damage)
             ... with an orb of destruction
             ... led by a torpor snail
             ... on level 2 of the Spider Nest.
             The game lasted 01:15:31 (29867 turns).

Malachi the Warrior (Djinni Air Elementalist)      Turns: 29867, Time: 01:15:32

Health: -6/126     AC: 20    Str:  7      XL:     16   Next: 96%
Gold:   1405       EV: 11    Int: 31      God:    Ru [******] SH:  0 Dex: 15 (17)

rFire   + . .      SeeInvis .   l - staff of conjuration
rCold   + . .      Faith    .   (shield unavailable)
rNeg    . . .      Spirit   .   w - +4 ice dragon scales
rPois   ∞          Reflect  .   r - +1 hat of Winter {Dex+3}
rElec   .          Harm     .   (no cloak)
rCorr   .          Rampage  .   (no gloves)
Will    +....                   (boots unavailable)
Stlth   ..........              F - amulet of regeneration
HPRegen 1.11/turn               (ring unavailable)
MPRegen 0.00/turn               z - +6 ring of intelligence

@: flying, slowed, studying 2 skills, very slow
A: sickness immunity, fire resistance 2, cold vulnerability 1, missing a hand,
no stealth, inability to use devices, missing an eye, float, innate caster, HP
casting, extra vitality 1
a: Renounce Religion, Draw Out Power, Power Leap, Apocalypse


You were on level 2 of the Spider Nest.
You worshipped Ru.
Ru was exalted by your worship.
You visited 4 branches of the dungeon, and saw 24 of its levels.
You also visited: Ossuary, Bailey and Gauntlet.

You collected 1780 gold pieces.
You spent 375 gold pieces at shops.

Inventory:

Missiles
 H - 3 curare-tipped darts
Armour
 r - the +1 hat of Winter (worn) {Dex+3}
   (You found it in a Gauntlet)

   Dex:       It affects your dexterity (+3).
 w - +4 ice dragon scales (worn)
Magical Staves
 l - a staff of conjuration (weapon)
Jewellery
 b - a ring of see invisible
 c - a +4 ring of evasion
 e - a ring of ice
 p - a ring of fire
 q - a ring of resist corrosion
 s - a +6 ring of intelligence
 z - a +6 ring of intelligence (right hand)
 F - an amulet of regeneration (around neck)
Scrolls
 f - 4 scrolls of vulnerability
 g - 5 scrolls of identify
 i - 2 scrolls of silence
 j - 4 scrolls of poison
 m - 3 scrolls of immolation
 o - 4 scrolls of torment
 t - 3 scrolls of fog
 x - a scroll of magic mapping
 y - 10 scrolls of teleportation
 A - 2 scrolls of blinking
 M - 4 scrolls of fear
 N - 6 scrolls of enchant weapon
 S - a scroll of summoning
Potions
 d - 9 potions of curing
 h - 4 potions of cancellation
 k - 5 potions of heal wounds
 n - 2 potions of mutation
 u - 2 potions of resistance
 v - 5 potions of haste
 B - 3 potions of attraction
 C - 3 potions of berserk rage
 E - a potion of brilliance
 K - 3 potions of might
 P - a potion of lignification
 Q - a potion of ambrosia {unknown}


   Skills:
 - Level 15.0 Fighting
 - Level 15.0 Armour
 + Level 13.4 Dodging
 - Level 13.0 Spellcasting


You had 6 spell levels left.
You knew the following spells:

 Your Spells              Type           Power      Damage    Failure   Level
a - Shock                 Conj/Air       100%       1d9       1%          1
b - Static Discharge      Conj/Air       100%       3-16/arc  1%          2
c - Swiftness             Air            79%        N/A       1%          3
d - Airstrike             Air            39%        0-13+     1%          4
e - Slow                  Hex            100%       N/A       1%          1
f - Passwall              Tmut/Erth      65%        N/A       1%          2
g - Portal Projectile     Hex/Tloc       100%       N/A       1%          3
h - Iskenderun's Mystic   Conj/Tloc      100%       2d19      1%          4
i - Animate Armour        Summ/Erth      100%       N/A       1%          4
j - Alistair's Intoxicat  Tmut/Pois      52%        N/A       2%          5
k - Dispersal             Tloc           39%        N/A       14%         6
Your spell library was empty.

Dungeon Overview and Level Annotations

Branches:
Dungeon (15/15)            Temple (1/1) D:4            Lair (6/6) D:11
 Shoals (0/4) Lair:4       Spider (2/4) Lair:2        Slime (0/5) Lair:5
    Orc (0/2) D:10         Vaults (0/5) D:13         Depths (0/4) D:15
Ossuary (visited)          Bailey (visited)         Gauntlet (visited)

Altars:
Ashenzari
Cheibriados
Dithmenos
Elyvilon
Fedhas
Gozag
Hepliaklqana
Makhleb
Nemelex Xobeh
Okawaru
Qazlal
Ru
Trog
Uskayaw
Wu Jian
Xom
Yredelemnul
Zin
The Shining One
Jiyva

Shops:
D:2 [   D:11 *

Annotations:
D:4 Grinder


Innate Abilities, Weirdness & Mutations

You are immune to sickness and miasma.
You are immune to poison.
Your flesh is very heat resistant. (rF++)
You are vulnerable to cold. (rC-)
You are missing a hand.
You cannot be stealthy.
You cannot study or use magical devices.
You are missing an eye, making it more difficult to aim.
You float through the air rather than walking.
You learn spells naturally, not from books.
Your magical power is your life essence.
You have superior vitality. (+4 MHP)


Message History

You redirect the redback's attack!
The redback closely misses itself.
Something hits you but does no damage. Something completely misses you.
Something stings you but does no damage.
The redback bites you but does no damage.
Something hits you!
You feel clumsy. Something hits you but does no damage. Something stings you!
You feel clumsy.
The redback bites you but does no damage.
Casting: Iskenderun's Mystic Blast (mildly dangerous; 1% risk of failure)
Press: ? - help, Q - select action, (/) - cycle Dir - look around, f - activate You feel a surge of power!
You erupt in a blast of force!
The mystic blast hits the redback!
The redback is moderately wounded.
The redback is knocked back by the mystic blast.
The mystic blast hits something!!
The orb spider pulsates with a strange energy.
You feel you are being watched by something.
Unknown command.
Casting: Iskenderun's Mystic Blast (mildly dangerous; 1% risk of failure)
Press: ? - help, Q - select action, (/) - cycle Dir - look around, f - activate You feel a surge of power!
You erupt in a blast of force!
The mystic blast hits the pharaoh ant!!
The pharaoh ant is severely damaged.
The pharaoh ant is knocked back by the mystic blast.
The mystic blast hits something!!
Reactivating autopickup.
You feel a bit more experienced.
The orb spider weaves a glowing orb of energy.
An orb of destruction comes into view.
Unknown command.
Casting: Iskenderun's Mystic Blast (mildly dangerous; 1% risk of failure)
Press: ? - help, Q - select action, (/) - cycle Dir - look around, f - activate You feel a surge of power!
You erupt in a blast of force!
The mystic blast hits the torpor snail!!
The torpor snail is heavily wounded.
The torpor snail is knocked back by the mystic blast.
The orb of destruction hits you!!!
You die...

## =.^ .##..
############## ...^#.
##≈##≈#≈≈≈#≈#≈
#.#^..##≈≈≈≈≈≈≈≈≈≈≈≈##
..^.#sws≈○@≈≈≈≈≈≈≈≈≈≈#
.#...†.s☼##≈#≈#..†≈≈#
#....††≈≈≈≈≈≈≈≈...≈≈#
..#†.†.##≈#≈#≈.<.≈≈##
....#s#†≈≈≈≈≈≈≈...≈≈≈#
..?.....#≈≈###....≈≈##
....#..≈≈≈≈≈≈≈≈≈≈≈≈≈#
.......#≈≈≈≈≈≈≈≈≈≈≈≈##
#.##..###≈##≈≈≈##≈≈#≈#


You could see a torpor snail, 2 orb spiders and 2 redbacks.

Vanquished Creatures
  Gastronok (Lair:3)
  Frances (D:14)
  Agnes (D:14)
  Aizul (Spider:1)
  A ghost moth (Spider:2)
  Nessos (Lair:6)
  A dire elephant (Lair:6)
  A fire dragon (D:15)
  Fannar (D:11)
  A rakshasa (D:15)
  Erolcha (D:11)
  4 vault guards (D:13)
  3 catoblepae
  A hell beast (Gauntlet)
  4 centaur warriors
  A boulder beetle (D:14)
  7 hydras
  2 two-headed ogres (D:13)
  A deep troll shaman (Lair:6)
  A radroach (Spider:1)
  2 tengu warriors
  12 death yaks (Lair:6)
  3 pharaoh ants (Spider:1)
  A steelbarb worm (Spider:1)
  4 orb spiders (Spider:1)
  2 lindwurms (Lair:5)
  An orc knight (Bailey)
  A deep elf zephyrmancer (Bailey)
  An oklob plant (Lair:4)
  8 wolf spiders
  22 ugly things
  3 cyclopes
  2 centaur zombies (D:12)
  4 elephants (Lair:6)
  A black mamba (shapeshifter) (D:14)
  2 black mambas
  A gargoyle (D:13)
  12 cane toads
  4 rime drakes
  An unseen horror (D:12)
  3 kobold demonologists (D:11)
  9 komodo dragons
  A freezing wraith (D:14)
  3 efreet (D:13)
  2 tengu conjurers
  2 trolls
  5 polar bears
  4 hornets
  5 slime creatures (D:14)
  A snapping turtle (Lair:4)
  3 jumping spiders
  9 tarantellas
  11 blink frogs
  A dream sheep (shapeshifter) (D:15)
  Sigmund (D:5)
  12 spriggans (Lair:5)
  7 culicivoras
  3 shadows
  A vampire (D:13)
  8 wyverns
  5 basilisks
  69 yaks
  15 redbacks
  4 vampire mosquitoes
  3 acid dragons
  13 water moccasins
  A hell hound (Gauntlet)
  10 orc warriors
  3 ice beasts
  An ogre (D:7)
  2 sky beasts
  4 black bears
  An ice beast (shapeshifter) (D:13)
  3 boggarts (Lair:5)
  37 wolves
  9 centaurs
  A phantom (D:5)
  2 elf zombies (Ossuary)
  2 kobold brigands
  8 bullfrogs
  A necrophage (D:7)
  6 scorpions
  20 killer bees
  6 howler monkeys
  9 electric eels
  A jelly (D:6)
  4 orc priests
  4 hounds
  A gnoll bouda (D:7)
  3 iguanas
  10 orc wizards
  A hound zombie (Ossuary)
  4 mummies (Ossuary)
  9 adders
  14 gnolls
  3 shadow imps
  2 white imps
  An ufetubus (D:5)
  2 adder zombies (Ossuary)
  2 dart slugs
  36 orcs
  6 ball pythons
  7 bats
  4 endoplasms
  2 giant cockroaches
  A gnoll zombie (Ossuary)
  8 goblins
  8 hobgoblins
  10 kobolds
  3 quokkas
  6 frilled lizards
  A goblin zombie (Ossuary)
  2 hobgoblin zombies (Ossuary)
  2 kobold zombies (Ossuary)
  An orc zombie (Ossuary)
  7 rats
  A bush (Lair:6)
614 creatures vanquished.

Vanquished Creatures (collateral kills)
  Asterion (Spider:1)
  A minotaur (Gauntlet)
  The ghost of Uwuyrubips the Cleaver, a journeyman HuHu of Okawaru (D:12)
  A hydra (Lair:2)
  An ice dragon (D:15)
  A boulder beetle (D:13)
  A pharaoh ant (Spider:1)
  A deep troll (D:11)
  An ugly thing (D:14)
  A troll (D:13)
  Grum (D:11)
  2 yaks
  A steam dragon (D:10)
  A vampire mosquito (D:13)
  A wolf (D:11)
  A shadow imp (Gauntlet)
17 creatures vanquished.

Vanquished Creatures (others)
  A bullfrog (Lair:3)
  23 demonic plants (Gauntlet)
  27 fungi
  23 plants
  6 withered plants (Gauntlet)
80 creatures vanquished.

Grand Total: 711 creatures vanquished

Notes
Turn   | Place    | Note
-------+----------+-------------------------------------------
     0 | D:1      | Malachi the Djinni Air Elementalist began the quest for the
                  | Orb.
     0 | D:1      | Malachi set off with the following spells memorised: Shock,
                  | Static Discharge, Swiftness, Airstrike.
     0 | D:1      | Reached XP level 1. HP: 15/15 MP: 0/0
   690 | D:1      | Reached XP level 2. HP: 20/21 MP: 0/0
  1303 | D:2      | Found Vegocry's Antique Armour Shop.
  1436 | D:2      | Reached XP level 3. HP: 23/25 MP: 0/0
  1436 | D:2      | Learned a level 1 spell: Slow
  1888 | D:2      | Reached XP level 4. HP: 21/31 MP: 0/0
  2575 | D:2      | Found a faded altar of an unknown god.
  2916 | D:3      | Reached XP level 5. HP: 32/35 MP: 0/0
  2916 | D:3      | Learned a level 2 spell: Passwall
  2944 | D:3      | You are sucked into a shaft and drop 1 floor!
  3206 | D:4      | Reached XP level 6. HP: 22/40 MP: 0/0
  3495 | D:3      | Reached skill level 5 in Spellcasting
  3542 | D:3      | Found a glowing silver altar of Zin.
  4141 | D:4      | Identified the +2 leather armour of Eye-covered Lucidity
                  | {Stlth+}
  4203 | D:4      | Found a staircase to the Ecumenical Temple.
  4305 | D:4      | Noticed Grinder
  4468 | D:4      | Paralysed by Grinder for 3 turns
  4740 | Temple   | Entered the Ecumenical Temple
  5085 | Temple   | Became a worshipper of Ru the Awakened
  5484 | D:5      | Entered Level 5 of the Dungeon
  5507 | D:5      | Reached XP level 7. HP: 40/45 MP: 0/0
  5507 | D:5      | Learned a level 3 spell: Portal Projectile
  5627 | D:5      | Noticed Sigmund
  5773 | D:5      | Killed Sigmund
  6328 | D:5      | Found a hide-covered altar of Uskayaw.
  6397 | D:5      | Found a shimmering altar of Xom.
  6397 | D:5      | Found a blossoming altar of Fedhas.
  6404 | D:5      | Found a shadowy altar of Dithmenos.
  6434 | D:5      | Reached XP level 8. HP: 34/50 MP: 0/0
  6538 | D:5      | Found an iron altar of Okawaru.
  6583 | D:5      | Found a glowing golden altar of the Shining One.
  7120 | D:6      | Found a burning altar of Makhleb.
  7300 | D:6      | Gained mutation: You cannot be stealthy. [Ru sacrifice]
  7799 | D:6      | Reached XP level 9. HP: 49/55 MP: 0/0
  7799 | D:6      | Learned a level 4 spell: Iskenderun's Mystic Blast
  8535 | D:7      | Noticed a troll
  8542 | D:7      | Killed a troll
  8543 | D:7      | Reached skill level 10 in Spellcasting
  8680 | D:7      | Found a sand-covered staircase.
  8724 | Ossuary  | Entered an ossuary
  9230 | D:7      | Reached XP level 10. HP: 48/60 MP: 0/0
 10088 | D:7      | Found the +18 Lear's hauberk
 10289 | D:2      | Bought a scorched leather armour for 175 gold pieces
 10289 | D:2      | Identified the +3 leather armour of the Ecumenical Temple
                  | {rF- MP+9 Int+4} (You bought it in a shop on level 2 of the
                  | Dungeon)
 10307 | D:2      | Bought a runed scarf for 200 gold pieces
 11245 | D:8      | Gained mutation: You cannot study or use magical devices.
                  | [Ru sacrifice]
 11245 | D:8      | Reached * piety under Ru
 11245 | D:8      | Reached ** piety under Ru
 11245 | D:8      | Reached *** piety under Ru
 12026 | D:9      | Reached skill level 1 in Fighting
 12050 | D:9      | Reached XP level 11. HP: 39/71 MP: 0/0
 12050 | D:9      | Learned a level 4 spell: Animate Armour
 12534 | D:9      | Found a bloodstained altar of Trog.
 12706 | D:9      | Reached skill level 5 in Fighting
 12936 | D:10     | Entered Level 10 of the Dungeon
 13047 | D:10     | Found a flagged portal.
 13062 | Bailey   | Entered a bailey
 13199 | Bailey   | Noticed an orc knight
 13223 | Bailey   | Killed an orc knight
 13312 | Bailey   | Found a large runed translucent door.
 13312 | Bailey   | Found a large runed translucent door.
 13313 | Bailey   | Noticed a deep elf zephyrmancer
 13346 | Bailey   | Killed a deep elf zephyrmancer
 13368 | Bailey   | Identified the +3 kite shield of a sewer {Harm Regen+
                  | rCorr}
 13369 | Bailey   | Identified the +1 scale mail of Restlessness {rPois Dex+2}
 13705 | D:10     | Found the +12 glaive of Prune {vorpal}
 14118 | D:10     | Found a staircase to the Orcish Mines.
 14503 | D:11     | Reached skill level 10 in Fighting
 14582 | D:11     | Reached XP level 12. HP: 69/91 MP: 0/0
 14665 | D:11     | Found a staircase to the Lair.
 14711 | D:11     | Noticed a deep troll
 14724 | D:11     | Killed a deep troll
 14771 | D:11     | Found a gate leading to a gauntlet.
 14773 | D:11     | Found Zengu's Demolitions Depot.
 14787 | Gauntlet | Entered a Gauntlet
 14787 | Gauntlet | Found a transporter.
 14796 | Gauntlet | Found a transporter.
 14798 | Gauntlet | Found a transporter.
 14800 | Gauntlet | Found a transporter.
 14808 | Gauntlet | Noticed a soul eater
 14812 | Gauntlet | Found a transporter.
 14828 | Gauntlet | Found a transporter.
 14833 | Gauntlet | Found a transporter.
 14834 | Gauntlet | Noticed a death drake
 14852 | Gauntlet | Found a transporter.
 14870 | Gauntlet | Found a transporter.
 14882 | Gauntlet | Found a transporter.
 14894 | Gauntlet | Found a transporter.
 14897 | Gauntlet | Noticed a great orb of eyes
 14906 | Gauntlet | Found a transporter.
 14910 | Gauntlet | Noticed a death yak
 14911 | Gauntlet | Noticed a death yak
 14912 | Gauntlet | Noticed a death yak
 14918 | Gauntlet | Found a transporter.
 14935 | Gauntlet | Found a transporter.
 14953 | Gauntlet | Found a transporter.
 14955 | Gauntlet | Found a transporter.
 14982 | Gauntlet | Found a transporter.
 15060 | Gauntlet | Found a transporter.
 15072 | Gauntlet | Noticed a hell beast
 15548 | Gauntlet | Identified the +1 hat of Winter {Dex+3}
 15553 | Gauntlet | Killed a hell beast
 15623 | Gauntlet | Noticed a minotaur
 15660 | Gauntlet | Killed a minotaur
 16125 | D:11     | Noticed Fannar
 16133 | D:11     | Killed Fannar
 16343 | D:11     | Noticed Grum
 16358 | D:11     | Killed Grum
 16603 | D:11     | Noticed a seven-headed hydra
 16606 | D:11     | Killed a seven-headed hydra
 16613 | D:11     | Noticed Erolcha
 16623 | D:11     | Killed Erolcha
 17389 | D:12     | Found a runed translucent gate.
 17389 | D:12     | Found a runed translucent gate.
 17389 | D:12     | Found a runed translucent gate.
 17389 | D:12     | Noticed Uwuyrubips's ghost (journeyman HuHu)
 17391 | D:12     | Found a basalt altar of Yredelemnul.
 17420 | D:12     | Reached XP level 13. HP: 56/104 MP: 0/0
 17420 | D:12     | Learned a level 5 spell: Alistair's Intoxication
 17909 | D:12     | Killed Uwuyrubips's ghost
 18164 | D:13     | Noticed a boulder beetle
 18181 | D:13     | Killed a boulder beetle
 18339 | D:13     | Noticed a centaur warrior
 18345 | D:13     | Killed a centaur warrior
 18571 | D:13     | Reached skill level 15 in Fighting
 18759 | D:13     | Reached skill level 1 in Armour
 18872 | D:13     | Found a gate to the Vaults.
 18872 | D:13     | Noticed a six-headed hydra
 18872 | D:13     | Noticed a vault guard
 18872 | D:13     | Noticed a vault guard
 18872 | D:13     | Noticed a vault guard
 18872 | D:13     | Noticed a catoblepas
 18872 | D:13     | Noticed a vault guard
 18872 | D:13     | Noticed a six-headed hydra
 18952 | Lair:1   | Entered Level 1 of the Lair of Beasts
 19799 | Lair:2   | Reached skill level 5 in Armour
 19904 | Lair:2   | Noticed a four-headed hydra
 19910 | Lair:2   | Killed a four-headed hydra
 20029 | Lair:2   | Found a hole to the Spider Nest.
 20444 | Lair:2   | Noticed a seven-headed hydra
 20480 | Lair:2   | Killed a seven-headed hydra
 20615 | Lair:2   | Reached XP level 14. HP: 68/114 MP: 0/0
 21530 | Lair:3   | Noticed Gastronok
 21540 | Lair:3   | Killed Gastronok
 21541 | Lair:3   | Reached skill level 10 in Armour
 21582 | Lair:3   | Found a basalt altar of Yredelemnul.
 22421 | Lair:4   | Found a staircase to the Shoals.
 23061 | Lair:5   | Found a viscous altar of Jiyva.
 23067 | Lair:5   | Found a staircase to the Slime Pits.
 23762 | Lair:6   | Entered Level 6 of the Lair of Beasts
 24024 | Lair:6   | Noticed Nessos
 24031 | Lair:6   | Killed Nessos
 24032 | Lair:6   | Reached XP level 15. HP: 103/120 MP: 0/0
 24032 | Lair:6   | Learned a level 6 spell: Dispersal
 24222 | Lair:6   | Gained mutation: You are missing an eye, making it more
                  | difficult to aim. [Ru sacrifice]
 24222 | Lair:6   | Reached **** piety under Ru
 24365 | Lair:6   | Reached skill level 15 in Armour
 24796 | Lair:6   | Found a shadowy altar of Dithmenos.
 26020 | D:13     | Reached skill level 5 in Dodging
 26212 | D:14     | Identified the +1 robe "Tezylot" {rC+}
 26416 | D:14     | Reached XP level 16. HP: 54/126 MP: 0/0
 26934 | D:14     | Found a bloodstained altar of Trog.
 26962 | D:14     | Noticed Frances
 26970 | D:14     | Killed Frances
 27259 | D:14     | Noticed Agnes
 27264 | D:14     | Killed Agnes
 27337 | D:15     | Entered Level 15 of the Dungeon
 27428 | D:14     | Gained mutation: You are missing a hand. [Ru sacrifice]
 27428 | D:14     | Reached ***** piety under Ru
 27428 | D:14     | Reached ****** piety under Ru
 27747 | D:15     | Reached skill level 10 in Dodging
 28360 | D:15     | Found a staircase to the Depths.
 28699 | Spider:1 | Entered Level 1 of the Spider Nest
 28843 | Spider:1 | Noticed Aizul
 28852 | Spider:1 | Killed Aizul
 28924 | Spider:1 | Identified the +2 kite shield "Tivig" {Harm Drain Str+7
                  | Dex-5}
 28924 | Spider:1 | Noticed Asterion
 28933 | Spider:1 | Killed Asterion
 29316 | Spider:1 | HP: 3/126 [disintegration (66)]
 29867 | Spider:2 | Blown up by an orb spider

Illustrated notes

Levels and vault maps discovered:
D:1:      sevenhm_arrival_forest_fort_large_2, layout_basic
D:2:      layout_loops_cross, shapermc_ecumenical_altar_venn, serial_shops,
          nicolae_shop_waterfront
D:3:      layout_basic, zin_treasury, kennysheep_cluttered_room
D:4:      layout_rooms, minmay_temple_entry_hall, minmay_fountain_box,
          uniq_grinder
D:5:      layout_basic, kennysheep_okawaru_gauntlet,
          nicolae_overflow_hallway_of_the_gods, tso_oasis_becter,
          kennysheep_generic_room_14, uniq_sigmund
D:6:      layout_loops_ring, lemuel_doored_altar
D:7:      layout_cave_pools, nicolae_ossuary_entry_false_entrances,
          hellmonk_guarded_unrand_lears
D:8:      layout_basic
D:9:      argonaut_augean_stables, layout_irregular_city, lemuel_tele_altar
D:10:     layout_cave_pools, orc_0_dummy, enter_bailey_2,
          kennysheep_generic_room_8
D:11:     dreamdust_cave_troll, layout_irregular_city, erik_lair_island,
          gauntlet_entry_generic, nicolae_blasting_shop, uniq_fannar,
          uniq_erolcha, uniq_grum
D:12:     layout_irregular_city, nicolae_yredelemnul_ghost_church
D:13:     layout_loops_ring, lightli_vaults_fourway_checkpoint,
          serial_park_tiny_pond
D:14:     layout_rooms, nicolae_hexahallways, trog_three_pillars_becter,
          uniq_agnes, uniq_frances
D:15:     grunt_enter_depths_hoard, layout_long_grid, minmay_misc_feat_chi
Temple:   minmay_temple_forest_path
Lair:1:   layout_cellular_growth, grunt_megastairs_5
Lair:2:   layout_gridlike, spider_nest_entry_web_field, st_stairs_7,
          minmay_shattered_shrine
Lair:3:   layout_regular_city, basic_altar, uniq_gastronok
Lair:4:   layout_long_grid, minmay_shoals_entry_hut
Lair:5:   kb_forest_paths, layout_hall_layers, slime_entry_1, lemuel_fruit_tree,
          serial_bayou_shore_b
Lair:6:   grunt_lair_end_beastmaster, layout_gridlike, basic_altar,
          infiniplex_staircase_pool_2, uniq_nessos
Spider:1: layout_spider_delve, uniq_asterion, uniq_aizul
Spider:2: layout_spider_delve, worms_lemuel, nicolae_spider_cling_halls

Skill      XL: |  1  2  3  4  5  6  7  8  9 10 11 12 13 14 15 16 |
---------------+-------------------------------------------------+-----
Spellcasting   | 3 4 5 6 8 10 12 13 | 13.0
Stealth        | 0 |  0.0
Fighting       | 3 10 13 15 | 15.0
Armour         | 8 13 15 | 15.0
Dodging        | 6 13 | 13.4

Action                   |  1- 3 |  4- 6 |  7- 9 | 10-12 | 13-15 | 16-18 || total
-------------------------+-------+-------+-------+-------+-------+-------++-------
Melee: Staff             |       |       |       |       |     1 |     3 ||     4
 Cast: Shock             |    53 |   107 |   124 |    24 |       |       ||   308
       Static Discharge  |     3 |    10 |    11 |     7 |     1 |     8 ||    40
       Airstrike         |       |       |    29 |   254 |   245 |    94 ||   622
       Iskenderun's Myst |       |       |     6 |    20 |   280 |    90 ||   396
       Swiftness         |       |       |     1 |     4 |     2 |       ||     7
       Animate Armour    |       |       |       |    18 |    11 |     4 ||    33
       Alistair's Intoxi |       |       |       |       |     2 |     2 ||     4
Invok: Sacrifice Stealth |       |       |     1 |       |       |       ||     1
       Sacrifice Artific |       |       |       |     1 |       |       ||     1
       Reject Sacrifices |       |       |       |     1 |     1 |       ||     2
       Sacrifice an Eye  |       |       |       |       |     1 |       ||     1
       Draw Out Power    |       |       |       |       |       |     1 ||     1
       Apocalypse        |       |       |       |       |       |     1 ||     1
       Sacrifice a Hand  |       |       |       |       |       |     1 ||     1
  Use: Potion            |       |     1 |     1 |     2 |     3 |       ||     7
       Scroll            |       |       |    11 |    10 |    11 |     4 ||    36
 Stab: Confused          |       |       |       |       |       |     1 ||     1
Armor: Robe              |       |     2 |     1 |     3 |       |       ||     6
       Leather armour    |       |       |       |     3 |       |       ||     3
       Scale mail        |       |       |       |    32 |    19 |     7 ||    58
       Ring mail         |       |       |       |     2 |       |       ||     2
       Ice dragon scales |       |       |       |       |       |    25 ||    25
Dodge: Dodged            |     6 |    15 |    30 |    33 |    29 |    26 ||   139

Table legend: (Time is in decaauts)
 A = Elapsed time spent in this place.
 B = Non-inter-level travel time spent in this place.
 C = Inter-level travel time spent in this place.
 D = Time resting spent in this place.
 E = Time spent auto-exploring this place.
 F = Levels seen in this place.
 G = Mean time per level.
                   A        B        C        D        E       F      G
               +--------+--------+--------+--------+--------+-----+--------+
         Total |  29872 |  28312 |   1560 |   6017 |  17189 |  27 | 1106.4 |
       Dungeon |  19736 |  18511 |   1225 |   4352 |  11483 |  15 | 1315.7 |
        Temple |    371 |    329 |     42 |      0 |    315 |   1 |  371.0 |
          Lair |   6447 |   6170 |    277 |    525 |   4622 |   6 | 1074.5 |
   Spider Nest |   1172 |   1157 |     15 |    373 |    445 |   2 |  586.0 |
       Ossuary |    427 |    427 |      0 |    251 |      0 |   1 |  427.0 |
        Bailey |    594 |    594 |      0 |    260 |     24 |   1 |  594.0 |
      Gauntlet |   1121 |   1121 |      0 |    256 |    300 |   1 | 1121.0 |
               +--------+--------+--------+--------+--------+-----+--------+

Top non-repeatable levels by time:
     D:1: 1753 daAuts
  Lair:6: 1494 daAuts
     D:6: 1474 daAuts
     D:3: 1437 daAuts
    D:12: 1418 daAuts
     D:7: 1411 daAuts
     D:8: 1376 daAuts
    D:14: 1360 daAuts
     D:5: 1359 daAuts
    D:11: 1338 daAuts
     D:9: 1333 daAuts
    D:13: 1332 daAuts
  Lair:2: 1251 daAuts
     D:4: 1235 daAuts
  Lair:5: 1141 daAuts
